 Dungeon Crawl Stone Soup version 0.30-a0-591-g3c58d2bc28 (webtiles) character file.

Game seed: 4182293862800930046

358 Newt the Trooper (level 6, -2/52 HPs)
             Began as a Demonspawn Gladiator on Jan 4, 2023.
             Killed by nerve-wracking pain
             ... invoked by Menkaure
              (11 damage)
             ... on level 4 of the Dungeon.
             The game lasted 00:02:54 (2470 turns).

Newt the Trooper (Demonspawn Gladiator)             Turns: 2470, Time: 00:02:55

Health: -2/52      AC:  7    Str: 26    XL:     6   Next: 37%
Magic:  6/6        EV: 12    Int:  9    God:
Gold:   126        SH:  0    Dex: 14    Spells: 5/5 levels left

rFire   . . .      SeeInvis .    p - +3 spear (freeze)
rCold   + . .      Faith    .    (no shield)
rNeg    . . .      Spirit   .    b - +0 leather armour
rPois   .          Reflect  .    t - +1 hat
rElec   .          Harm     .    (no cloak)
rCorr   .          Rampage  .    (no gloves)
Will    .....                    f - +4 pair of boots of the Equator {rC+ Str+3}
Stlth   ++                       (no amulet)
HPRegen 0.00/turn                k - +6 ring of strength
MPRegen 0.10/turn                (no ring)

@: inhibited regen
A: antennae 2, powered by death 1, demonic magic 1, deformed body, sense
surroundings 1, robust 1, inhibited regeneration
a: no special abilities


You were on level 4 of the Dungeon.
You visited 1 branch of the dungeon, and saw 4 of its levels.

You collected 126 gold pieces.

Inventory:

Hand Weapons
 a - a +0 rapier
 p - a +3 spear of freezing (weapon)
Missiles
 d - a throwing net (quivered)
 e - a javelin
 g - 6 poisoned darts
Armour
 b - a +0 leather armour (worn)
 c - a +1 helmet
 f - the +4 pair of boots of the Equator (worn) {rC+ Str+3}
   (You found it on level 3 of the Dungeon)

   Str:       It affects your strength (+3).
   rC:        It protects you from cold.
 t - a +1 hat (worn)
Jewellery
 k - a +6 ring of strength (left hand)
 n - a +4 ring of protection
Wands
 q - a wand of paralysis (9)
Scrolls
 j - a scroll of amnesia
 l - a scroll of poison
 v - 2 scrolls of identify
Potions
 h - 2 potions of curing
 i - a potion of lignification
 m - a potion of cancellation
 o - a potion of flight {unknown}
 r - a potion of brilliance
 s - 2 potions of might
 u - 2 potions of heal wounds {unknown}


   Skills:
 - Level 4.0 Fighting
 - Level 2.6 Short Blades
 - Level 4.0 Polearms
 + Level 2.5 Throwing
 - Level 2.6 Dodging
 - Level 2.0 Stealth


You had 5 spell levels left.
You didn't know any spells.
Your spell library contained the following spells:

 Spells                   Type           Power      Damage    Failure   Level
 Sandblast                Erth           0%         2d4       43%         1
 Passwall                 Tmut/Erth      0%         N/A       56%         2
 Stone Arrow              Conj/Erth      0%         3d7       80%         3


Dungeon Overview and Level Annotations

Branches:
Dungeon (4/15)
 Temple: D:4-7

Altars:
Qazlal

Annotations:
D:4 Menkaure


Innate Abilities, Weirdness & Mutations

You have a pair of antennae on your head.
You regenerate a little health from kills.
Spells you cast may paralyse adjacent enemies.
Armour fits poorly on your strangely shaped body.
You passively map a small area around you.
You are robust. (+10% HP)
You do not regenerate when monsters are visible.


Message History

The phantom hits you but does no damage.
You hit the phantom.
You destroy the phantom!
Training target 4.0 for Polearms reached!
Your Polearms skill increases to level 4!
You need to enable at least one skill for training.
Your Throwing skill increases to level 2!
Found an escape hatch in the ceiling.
Found a stone staircase leading up.
Found a stone staircase leading down.
Menkaure, Prince of Dust comes into view.
Menkaure shouts!
You hear an angry hiss.
Menkaure casts a spell.
Menkaure seems to speed up.
You see here a fuming green potion.
Found a stone staircase leading up.
Menkaure calls on the powers of darkness!
Your body is wracked with pain!
A ball python comes into view.
You reach to attack!
The ball python hisses angrily.
You hit Menkaure but do no damage. You barely miss Menkaure.
Menkaure hits you!!
* * * LOW HITPOINT WARNING * * *
You are too injured to fight recklessly!
You are too injured to fight recklessly!
You are too injured to fight recklessly!
You are too injured to fight recklessly!
Unknown command.
Throw: 2 throwing nets
Press: ? - help, Q - select action, (/) - cycle Shift-Dir - straight line, f/p - Menkaure
Aim: Menkaure (fast, 76% to hit)
You throw a throwing net. The throwing net hits Menkaure.
Menkaure is caught in the net!
Menkaure struggles against the net.
You hit Menkaure.
Menkaure is lightly damaged.
Menkaure points at you and mumbles some strange words.
Pain shoots through your body!
You die...

, ,....##...#... .........#<.# *
#...........#### #..S.....?.....
...........##. *#. ............
, ...##M......... ,
##.#..@........, *,,
#........###..##. ....
##>.....!#.#..##.. ....
##......#.....#.###...
##...............#....
###........##...........
########.#.........#...........
##.....#......#...........†.#..#
#.........##.......#........#<.#


You could see Menkaure (fast, caught) and a ball python.

Vanquished Creatures
  An ice beast (D:3)
  A phantom (D:4)
  A jelly (D:4)
  Terence (D:2)
  5 adders
  2 gnolls (D:2)
  2 worms
  A dart slug (D:2)
  6 orcs
  3 ball pythons
  5 endoplasms
  2 giant cockroaches (D:2)
  4 goblins
  5 hobgoblins
  6 quokkas
  6 bats
  4 frilled lizards
  5 kobolds
  2 rats
62 creatures vanquished.

Vanquished Creatures (others)
  3 plants (D:2)
3 creatures vanquished.

Grand Total: 65 creatures vanquished

Notes
Turn   | Place    | Note
-------+----------+-------------------------------------------
     0 | D:1      | Newt the Demonspawn Gladiator began the quest for the Orb.
     0 | D:1      | Reached XP level 1. HP: 16/16 MP: 1/1
    97 | D:1      | Reached skill level 1 in Stealth
   364 | D:1      | Gained mutation: You regenerate a little health from kills.
                  | [demonic ancestry]
   364 | D:1      | Reached XP level 2. HP: 17/22 MP: 2/2
   622 | D:2      | Reached XP level 3. HP: 25/28 MP: 3/3
   926 | D:2      | Noticed Terence
   935 | D:2      | Killed Terence
   936 | D:2      | Gained mutation: Spells you cast may paralyse adjacent
                  | enemies. [demonic ancestry]
   936 | D:2      | Reached XP level 4. HP: 37/37 MP: 4/4
  1518 | D:3      | Reached skill level 1 in Polearms
  1524 | D:3      | Gained mutation: You are robust. (+10% HP) [potion of
                  | mutation]
  1524 | D:3      | Gained mutation: You occasionally lose the ability to read
                  | scrolls when taking damage. [potion of mutation]
  1525 | D:3      | Lost mutation: You occasionally lose the ability to read
                  | scrolls when taking damage. [potion of mutation]
  1525 | D:3      | Lost mutation: You are robust. (+10% HP) [potion of
                  | mutation]
  1525 | D:3      | Gained mutation: You are robust. (+10% HP) [potion of
                  | mutation]
  1525 | D:3      | Gained mutation: You do not regenerate when monsters are
                  | visible. [potion of mutation]
  1525 | D:3      | Gained mutation: Armour fits poorly on your strangely
                  | shaped body. [potion of mutation]
  1525 | D:3      | Gained mutation: You passively map a small area around you.
                  | [potion of mutation]
  1571 | D:3      | Identified the +4 pair of boots of the Equator {rC+ Str+3}
  1646 | D:3      | Found a stormy altar of Qazlal.
  1861 | D:3      | Noticed an ice beast
  1890 | D:3      | Killed an ice beast
  1891 | D:3      | Gained mutation: You have a pair of small antennae on your
                  | head. [demonic ancestry]
  1891 | D:3      | Reached XP level 5. HP: 23/46 MP: 5/5
  2328 | D:4      | Gained mutation: You have a pair of antennae on your head.
                  | [demonic ancestry]
  2328 | D:4      | Reached XP level 6. HP: 48/52 MP: 6/6
  2464 | D:4      | Noticed Menkaure
  2470 | D:4      | Killed from afar by Menkaure

Illustrated notes

Levels and vault maps discovered:
D:1:      lemuel_arrival_broad_hall, layout_rooms
D:2:      wad_woods_tower, layout_loops_ring, grunt_ministairs_13,
          minmay_quadrilaterals, uniq_terence
D:3:      layout_rooms, mainiacjoe_overflow_alcove_2, serial_curves,
          eino_curves_04, eino_curves_01
D:4:      layout_cave_pools, lemuel_round_altar, kennysheep_generic_room_14,
          uniq_duvessa, uniq_natasha, uniq_menkaure

Skill      XL: |  1  2  3  4  5  6 |
---------------+-------------------+-----
Stealth        | 1 2 |  2.0
Fighting       | 4 |  4.0
Polearms       | 3 4 |  4.0
Throwing       | 2 |  2.5
Short Blades   | |  2.6
Dodging        | |  2.6

Action                   |  1- 3 |  4- 6 || total
-------------------------+-------+-------++-------
Melee: Rapier            |   101 |       ||   101
       Spear             |     8 |    98 ||   106
Throw: Throwing net      |     3 |     1 ||     4
  Use: Scroll            |     1 |     6 ||     7
       Potion            |       |     6 ||     6
 Stab: Sleeping          |     2 |     1 ||     3
Armor: Leather armour    |    33 |    26 ||    59
Dodge: Dodged            |    67 |    40 ||   107

Table legend: (Time is in decaauts)
 A = Elapsed time spent in this place.
 B = Non-inter-level travel time spent in this place.
 C = Inter-level travel time spent in this place.
 D = Time resting spent in this place.
 E = Time spent auto-exploring this place.
 F = Levels seen in this place.
 G = Mean time per level.
                   A        B        C        D        E       F      G
               +--------+--------+--------+--------+--------+-----+--------+
         Total |   2476 |   2376 |    100 |    186 |   1677 |   4 |  619.0 |
       Dungeon |   2476 |   2376 |    100 |    186 |   1677 |   4 |  619.0 |
               +--------+--------+--------+--------+--------+-----+--------+

Top non-repeatable levels by time:
     D:2: 1098 daAuts
     D:3: 792 daAuts
     D:1: 423 daAuts
     D:4: 162 daAuts
